 Dungeon Crawl Stone Soup version 0.31.0-11-ge490571c62 (webtiles) character file.

Game seed: 13984680594246493590

368 qw the Shooter (level 6, 0/32 HPs)
             Began as a Spriggan Hunter on Feb 5, 2024.
             Was a Follower of Okawaru.
             Incinerated by a bombardier beetle (4 damage)
             ... with a burning spray
             ... on level 4 of the Dungeon.
             The game lasted 00:00:50 (2269 turns).

qw the Shooter (Spriggan Hunter)                    Turns: 2269, Time: 00:00:50

Health: 0/32       AC:  2    Str:  7    XL:     6   Next: 41%
Magic:  7/7        EV: 21    Int: 10    God:    Okawaru [*.....]
Gold:   274        SH:  0    Dex: 21    Spells: 5/5 levels left

rFire   . . .        b - +0 orcbow
rCold   . . .        (shield currently unavailable)
rNeg    . . .        c - +0 robe
rPois   .            (helmet restricted)
rElec   .            (no cloak)
rCorr   .            (gloves unavailable)
SInv    +            (boots unavailable)
Will    +....        (no amulet)
Stlth   +            (no ring)
HPRegen 0.25/turn    (no ring)
MPRegen 0.10/turn

%: no passive effects
@: on fire, glowing, very quick
A: very small, no large weapons, unfitting armour, see invisible, speed 3
a: Renounce Religion, Heroism


You were on level 4 of the Dungeon.
You worshipped Okawaru.
Okawaru was aware of your devotion.
You visited 1 branch of the dungeon, and saw 4 of its levels.

You collected 274 gold pieces.


Innate Abilities, Weirdness & Mutations

You are very small and have problems with some larger weapons.
You are too small for most types of armour.
You have supernaturally acute eyesight. (SInv)
You cover ground extremely quickly. (Speed+++)


   Skills:
 - Level 2.8 Fighting
 - Level 6.0 Ranged Weapons
 + Level 5.3 Dodging
 - Level 1.5 Stealth
 + Level 1.2 Invocations


You had 5 spell levels left.
You didn't know any spells.
Your spell library was empty.

Inventory:

Hand Weapons
 b - a +0 orcbow (weapon)
Armour
 c - a +0 robe (worn)
Wands
 d - a wand of flame (24)
Scrolls
 j - a scroll of teleportation
Potions
 e - a potion of enlightenment
 f - a potion of invisibility {unknown}
 g - a potion of heal wounds {unknown}
 h - a potion of haste {unknown}
 k - a potion of lignification {unknown}

Dungeon Overview and Level Annotations

Branches:
Dungeon (4/15)
 Temple: D:4-7

Altars:
Okawaru
Trog
Yredelemnul

Shops:
D:1 [

Annotations:
D:3 2 runed translucent doors, Crazy Yiuf; qw's ghost, amateur DEHu


Message History

a +0 whip of electrocution; an orc corpse
Things that are here:
a +0 vampiric dagger; a +0 ring mail; an orc corpse You now have 274 gold pieces (gained 11).
Found an escape hatch in the floor.
A bombardier beetle comes into view.
You shoot an arrow. The arrow hits the bombardier beetle.
The bombardier beetle is lightly wounded.
You shoot an arrow. The arrow hits the bombardier beetle.
The bombardier beetle is lightly wounded.
You shoot an arrow. The arrow hits the bombardier beetle!
The bombardier beetle is almost dead.
You shoot an arrow.
The arrow barely misses the bombardier beetle.
The bombardier beetle sprays incendiary fluid at you.
The burning spray hits you.
You are covered in liquid fire!
You shoot an arrow.
The arrow closely misses the bombardier beetle.
The liquid fire burns you!
You shoot an arrow.
The arrow barely misses the bombardier beetle.
The liquid fire burns you!
You shoot an arrow. The arrow hits the bombardier beetle!
You kill the bombardier beetle!
Okawaru accepts your kill. The liquid fire burns you!
Your Ranged Weapons skill increases to level 6!
Your Invocations skill increases to level 1!
You are on fire!
The liquid fire burns you!
You are on fire!
The liquid fire burns you!
You are on fire!
The liquid fire burns you!
You are on fire!
The liquid fire burns you!
You are on fire!
The liquid fire burns you!
You die...

#........##. ........
#.........## ......#
##.........## ......
.............. .#.
....##.. .......###. ...
...... .......... #..
...##............# ...
###..##......<.....#
#.##..@................
#..#.######............
#####...#####..)).....#...
#........##.............##
#.>.....................#.
#.......#.........).......
........#..........)......
..#.###...................
.##. #..#.................


There were no monsters in sight!

Vanquished Creatures
  A centaur (D:4)
  A scorpion (D:4)
  A bombardier beetle (D:4)
  2 hounds (D:4)
  Ijyb (D:3)
  5 adders
  A dart slug (D:4)
  4 orcs
  5 ball pythons
  7 bats
  3 endoplasms
  A giant cockroach (D:3)
  10 goblins
  4 hobgoblins (D:1)
  6 kobolds
  3 quokkas
  9 frilled lizards
  5 rats
69 creatures vanquished.

Notes
Turn   | Place    | Note
-------+----------+-------------------------------------------
     0 | D:1      | qw the Spriggan Hunter began the quest for the Orb.
     0 | D:1      | Reached XP level 1. HP: 10/10 MP: 2/2
     0 | D:1      | 0 ||| qw: Version: 0.3-a-160-g6735b56
     0 | D:1      | 0 ||| qw: Game counter: 6356
     0 | D:1      | 0 ||| qw: Melee chars always use a shield: true
     0 | D:1      | 0 ||| qw: God list: Okawaru
     0 | D:1      | 0 ||| qw: Allow faded altars: false
     0 | D:1      | 0 ||| qw: Do Orc after clearing Dungeon:15 true
     0 | D:1      | 0 ||| qw: Do second Lair branch before Depths: true
     0 | D:1      | 0 ||| qw: Lair rune preference: random
     0 | D:1      | 0 ||| qw: Goals: Normal
     0 | D:1      | 0 ||| PLANNING D:1-11
    89 | D:1      | Reached skill level 3 in Dodging
   135 | D:1      | Reached XP level 2. HP: 14/14 MP: 3/3
   246 | D:1      | Found Jagevigu's Armour Shop.
   254 | D:1      | 254 ||| SHOPLISTING +0 cloak of stealth (138 gold, have
                  | 24).
   431 | D:1      | 431 ||| READING scroll labelled QOPAUR CUAFE.
   431 | D:1      | 431 ||| BRANDING +0 shortbow.
   432 | D:1      | 432 ||| READING scroll labelled INUFEU BUTUMP.
   432 | D:1      | 432 ||| ENCHANTING +0 shortbow of draining.
   433 | D:1      | 433 ||| READING scroll labelled YSKITHR YRAUVO.
   534 | D:1      | 534 ||| READING scroll labelled PUHENU QAONKI.
   535 | D:1      | 535 ||| DROPPING scroll of butterflies.
   609 | D:2      | Reached XP level 3. HP: 18/18 MP: 4/4
   795 | D:2      | Reached skill level 5 in Ranged Weapons
  1060 | D:2      | Reached XP level 4. HP: 22/22 MP: 5/5
  1171 | D:2      | 1171 ||| READING scroll labelled KOWAOGIDUUQ.
  1172 | D:2      | 1172 ||| READING 2 scrolls labelled ORIZXA LICUSS.
  1176 | D:2      | 1176 ||| READING scroll labelled NOLEUX DOENK.
  1176 | D:2      | 1176 ||| IDENTIFYING sedimented dark potion
  1177 | D:2      | 1177 ||| DRINKING 2 metallic pink potions.
  1178 | D:2      | 1178 ||| DROPPING potion of attraction.
  1179 | D:2      | 1179 ||| DROPPING potion of brilliance.
  1310 | D:3      | Found a basalt altar of Yredelemnul.
  1310 | D:3      | Found an iron altar of Okawaru.
  1331 | D:3      | 1331 ||| PLANNING OKAWARU WORSHIP
  1332 | D:3      | 1332 ||| READING scroll of identify.
  1332 | D:3      | 1332 ||| IDENTIFYING purple potion
  1347 | D:3      | Became a worshipper of Warmaster Okawaru
  1348 | D:3      | 1348 ||| PLANNING D:1-11
  1423 | D:3      | Noticed Ijyb
  1425 | D:3      | 1425 ||| FLEEEEING.
  1427 | D:3      | 1427 ||| FLEEEEING.
  1429 | D:3      | 1429 ||| FLEEEEING.
  1430 | D:3      | 1430 ||| FLEEEEING.
  1442 | D:3      | Killed Ijyb
  1563 | D:3      | Found a runed translucent door.
  1564 | D:3      | Noticed Crazy Yiuf
  1621 | D:3      | Found a runed translucent door.
  1621 | D:3      | Noticed qw's ghost (amateur DEHu)
  1780 | D:3      | Found a bloodstained altar of Trog.
  2031 | D:3      | 2031 ||| READING scroll labelled HUUD KEGRUOREN.
  2031 | D:3      | 2031 ||| ENCHANTING +1 shortbow of draining.
  2032 | D:3      | 2032 ||| READING scroll labelled DIRCHE POSIXT.
  2104 | D:4      | Noticed a centaur
  2105 | D:4      | 2105 ||| STAIRDANCE
  2109 | D:4      | 2109 ||| STAIRDANCE
  2114 | D:4      | Killed a centaur
  2115 | D:4      | Reached XP level 5. HP: 28/28 MP: 6/6
  2117 | D:4      | 2117 ||| STAIRDANCE
  2133 | D:4      | 2133 ||| SWAPPING to +0 orcbow.
  2134 | D:4      | 2134 ||| DROPPING +1 shortbow of draining.
  2139 | D:4      | Reached * piety under Okawaru
  2140 | D:4      | Reached XP level 6. HP: 32/32 MP: 7/7
  2265 | D:4      | Reached skill level 6 in Ranged Weapons
  2265 | D:4      | Reached skill level 1 in Invocations
  2267 | D:4      | HP: 8/32 [burnt (3)]
  2269 | D:4      | Incinerated by a bombardier beetle

Levels and vault maps discovered:
D:1:      eino_arrival_cavern_c, layout_rooms, serial_shops,
          nicolae_lakefront_shop
D:2:      layout_loops_cross, serial_glass, glass_columns_c, glass_columns_a,
          corexii_shack, dk_noncrumbling_4, minmay_lizard_king
D:3:      layout_loops_ring, bloody_trog, jmf_multi_god_temple,
          gammafunk_ghost_grave, uniq_ijyb, uniq_crazy_yiuf_cottage
D:4:      layout_rooms, nemelex_spade_bored_becter

Skill      XL: |  1  2  3  4  5  6 |
---------------+-------------------+-----
Dodging        | 3 4 5 |  5.3
Ranged Weapons | 5 6 |  6.0
Fighting       | 2 |  2.8
Invocations    | 1 |  1.2
Stealth        | |  1.5

Action                     |  1- 3 |  4- 6 || total
---------------------------+-------+-------++-------
   Fire: Shortbow          |    70 |    51 ||   121
         Orcbow            |       |    32 ||    32
    Use: Scroll            |     4 |     6 ||    10
         Potion            |       |     1 ||     1
 Armour: Robe              |     3 |     7 ||    10
  Dodge: Dodged            |     7 |    34 ||    41

Table legend:
 A = Non-vault XP
 B = Vault XP
 C = Vault XP percentage of total XP
 D = Non-vault monster count
 E = Vault monster count
 F = Vault count percentage of total count
                 A         B        C        D         E       F
            +---------+---------+-------+---------+---------+-------
      Total |     468 |      59 |  11.2 |      57 |      12 |  17.4
            +---------+---------+-------+---------+---------+-------
        D:1 |      37 |       0 |   0.0 |      20 |       0 |   0.0
        D:2 |      54 |       9 |  14.3 |      11 |       9 |  45.0
        D:3 |      37 |      50 |  57.5 |      15 |       3 |  16.7
        D:4 |     340 |       0 |   0.0 |      11 |       0 |   0.0
            +---------+---------+-------+---------+---------+-------
